 Dungeon Crawl Stone Soup version 0.20-a0-1050-g57248f3 (webtiles) character file.

36 Murumi the Sneak (level 3, -7/26 HPs)
             Began as a Vampire Enchanter on Apr 25, 2017.
             Engulfed by a cloud of flame (17 damage)
             ... on level 1 of the Dungeon.
             The game lasted 00:03:39 (1448 turns).

Murumi the Sneak (Vampire Enchanter)                Turns: 1448, Time: 00:03:39

Health: -7/26      AC:  0    Str:  7    XL:     3   Next: 19%
Magic:  4/6        EV: 20    Int: 17    God:
Gold:   23         SH:  0    Dex: 20    Spells: 3/6 levels left

rFire    . . .     SeeInvis +   (weapon currently unavailable)
rCold    + . .     Gourm    .   (shield currently unavailable)
rNeg     + + .     Faith    .   (armour currently unavailable)
rPois    +         Spirit   .   (helmet currently unavailable)
rElec    .         Reflect  .   (cloak currently unavailable)
rCorr    .         Harm     .   (gloves currently unavailable)
MR       .....                  (boots currently unavailable)
Stlth    ++++++....             (no amulet)
Regen    0.1/turn               (ring currently unavailable)
MPRegen  0.1/turn               (ring currently unavailable)

@: bat-form, flying, regenerating slowly, very quick
A: fangs 3, see invisible
a: End Transformation


You were on level 1 of the Dungeon.
You were very thirsty.
You were in vampire-bat-form.
You visited 1 branch of the dungeon, and saw 1 of its levels.

You collected 23 gold pieces.

Inventory:

Hand Weapons
 a - a +1 dagger
 g - a +1 vampiric dagger (melded)
Armour
 b - a +0 robe (melded)
Scrolls
 e - a scroll of teleportation {unknown}
 f - a scroll of remove curse {unknown}
Potions
 d - 2 potions of blood
Books
 c - a book of Maledictions

   Spells                             Type                      Level
   a - Corona                         Hexes                        1
   b - Ensorcelled Hibernation        Hexes/Ice                    2
   c - Confuse                        Hexes                        3
   d - Tukima's Dance                 Hexes                        3
   e - Dazzling Spray                 Conjuration/Hexes            3


   Skills:
 - Level 1.0 Fighting
 - Level 1.1 Short Blades
 - Level 2.1 Dodging
 - Level 6.0 Stealth
 - Level 2.0 Spellcasting
 + Level 4.7 Hexes


You had 3 spell levels left.
You knew the following spells:

 Your Spells              Type           Power        Failure   Level  Hunger
a - Corona                Hex            ###....      2%          1    #......
b - Ensorcelled Hibernat  Hex/Ice        #.....       11%         2    ###....


Dungeon Overview and Level Annotations

Branches:
Dungeon (1/15)

Altars:


Innate Abilities, Weirdness & Mutations

You heal slowly.
You have razor-sharp teeth.
You have supernaturally acute eyesight. (SInv)
((You can survive without breathing.))


Message History

Things that are here:
a short sword; 3 stones; a kobold skeleton
There is an open door here.
There is an open door here.
There is an open door here.
An adder skeleton comes into view.
The adder skeleton moves out of view.
There is an open door here.
Partly explored, can't reach some places.
You fail to use your ability.
You fail to use your ability.
You turn into a vampire bat.
Your +1 vampiric dagger melds into your body.
Your +0 robe melds into your body.
You feel your glee subside.
Really fly into a travel-excluded area?
You are engulfed in blazing flames.
Ouch! That really hurt!
You are engulfed in blazing flames.
Ouch! That really hurt!
You die...

#.....# .# #####.###
§# #...... §§#
######. §§§# #....#.
######...########.#.
##.§§§.%!!.§§§.......
#..§§§.)...§§§...#...
#..§b§.)?..§§§......#
#.#####...#####......
#.# §# #...#.. #.#
#...... #.# #>.....
#.# #####.#..# #.#
#.###.#..) #.#
#.....#.## #.#
####..#.#


There were no monsters in sight!

Vanquished Creatures
  A dart slug (D:1)
  3 leopard geckos (D:1)
  A ball python (D:1)
  2 bats (D:1)
  3 giant cockroaches (D:1)
  2 goblins (D:1)
  4 hobgoblins (D:1)
  4 jackals (D:1)
  4 kobolds (D:1)
  2 frilled lizards (D:1)
26 creatures vanquished.

Notes
Turn   | Place    | Note
-------+----------+-------------------------------------------
     0 | D:1      | Murumi the Vampire Enchanter began the quest for the Orb.
     0 | D:1      | Reached XP level 1. HP: 13/13 MP: 3/3
    76 | D:1      | Reached skill level 5 in Stealth
   225 | D:1      | Reached XP level 2. HP: 18/20 MP: 5/5
   232 | D:1      | Learned a level 2 spell: Ensorcelled Hibernation
   441 | D:1      | Reached skill level 1 in Fighting
   986 | D:1      | Reached skill level 6 in Stealth
   995 | D:1      | Reached XP level 3. HP: 24/26 MP: 6/6
  1448 | D:1      | Engulfed by a cloud of flame

Vault maps used:
D:1:      arrival_zaba_pyramid, serial_curves, eino_curves_04, eino_curves_04,
          lemuel_flame_loot_1

Skill      XL: |  1  2 |
---------------+-------+-----
Stealth        | 5 6 |  6.0
Fighting       | 1 |  1.0
Short Blades   | |  1.1
Dodging        | |  2.1
Spellcasting   | |  2.0
Hexes          | |  4.7

Action                   || total
-------------------------++-------
Melee: Dagger            ||   101
       Bite              ||     4
 Cast: Ensorcelled Hiber ||     6
 Abil: Bat Form          ||     1
 Stab: Sleeping          ||     9
Armor: Robe              ||    18
Dodge: Dodged            ||    59
